Avalanche vs Flames
(R3)
Created - May 8, 2018 at 19:05
Goals
|
Avalanche |
2 |
1 |
2 |
5 |
Flames |
0 |
4 |
3 |
7 |
|
Shots
|
Avalanche |
8 |
13 |
15 |
36 |
Flames |
6 |
11 |
19 |
36 |
|
1st period
1. Avalanche , Chris Drury 3 (Marc Staal 1) at 14:02 (SH)
2. Avalanche , Alexander Radulov 1 (Andrew Ladd 1, Jay Bouwmeester 2) at 16:21
Penalties :
Steve Eminger (Cal) for Slashing (Minor) at 1:44, Chris Drury (Col) for Interference (Minor) at 10:35, Chuck Kobasew (Col) for Holding (Minor) at 11:10, Andrei Kostitsyn (Col) for Holding Stick (Minor) at 13:23, Steve Regier (Cal) for Tripping (Minor) at 18:24, Dan Boyle (Col) for Hooking (Minor) at 19:07
2nd period
3. Flames , Jordin Tootoo 2 (Steve Regier 3, Patrik Berglund 2) at 0:36 (PP)
4. Flames , Patrik Berglund 2 (Jordin Tootoo 1, Ron Hainsey 1) at 3:33
5. Avalanche , Mikkel Boedker 1 (Marc Staal 2) at 5:48
6. Flames , Steve Regier 1 (Michel Ouellet 1) at 11:19
7. Flames , Marcus Nilson 3 (Alexander Semin 2, Patrik Berglund 3) at 19:36 (PP)
Penalties :
Erik Johnson (Cal) for Hooking (Minor) at 6:25, Mike Comrie (Col) for Holding (Minor) at 8:45, Paul Stastny (Col) for Interference (Minor) at 13:38, Alexander Semin (Cal) for Boarding (Minor) at 17:05, Andrei Kostitsyn (Col) for High sticking (Minor) at 17:38
3rd period
8. Avalanche , Paul Stastny 1 (Pernell Karl Subban 1, Jack Johnson 2) at 1:53 (PP)
9. Flames , Erik Johnson 1 (David Backes 2, Alexander Semin 3) at 2:12 (PP)
10. Avalanche , Jack Johnson 1 (Marc Staal 3) at 10:43
11. Flames , Michel Ouellet 1 (Colin Wilson 1, Ron Hainsey 2) at 13:16
12. Flames , Alexander Semin 4 (Derek Meech 2, Eric Staal 2) at 18:08 (PP)
Penalties :
Brad Marchand (Cal) for Slashing (Minor) at 1:02, Andrew Ladd (Col) for Hooking (Minor) at 2:07, Lubomir Visnovsky (Cal) for Cross-checking (Minor) at 3:26, Colin Wilson (Cal) for Holding (Minor) at 8:25, Paul Stastny (Col) for Hooking (Minor) at 9:26, Eric Staal (Cal) for Hooking (Minor) at 10:25, Mikkel Boedker (Col) for Delaying the game (Minor) at 13:23, Chris Drury (Col) for Roughing (Minor) at 17:45, Bryan Little (Col) for Tripping (Minor) at 18:54
Goalie Stats
Semyon Varlamov (Col), 29 saves from 36 shots - (0.806), L, 1-2-0, 60:00 minutes
Pekka Rinne (Cal), 31 saves from 36 shots - (0.861), W, 2-0-0, 60:00 minutes
Players Stats for Avalanche
Player Name G A P +/- PIM S H SB GA TA FO MP PP MP PK MP
------------------------------------------------------------------------------------
Alexander Radulov 1 0 1 1 0 2 1 1 2 0 1/1 11:31 3:47 0:00
Andrei Kostitsyn 0 0 0 -1 4 5 1 0 0 0 0/0 15:17 3:46 1:40
Andrew Ladd 0 1 1 1 2 2 1 0 0 1 1/3 10:16 0:00 2:57
Brandon Yip 0 0 0 -1 0 2 1 0 0 1 0/0 10:48 0:08 0:00
Bryan Little 0 0 0 1 2 5 1 1 0 1 12/27 19:12 6:09 1:09
Chris Drury 1 0 1 2 4 1 2 0 0 0 6/12 12:47 0:08 3:22
Chuck Kobasew 0 0 0 -1 2 1 0 0 0 0 1/1 12:21 0:00 6:31
Corey Perry 0 0 0 1 0 4 2 1 0 0 0/1 18:04 6:09 0:03
Dan Boyle 0 0 0 -1 2 0 1 0 1 0 0/0 16:21 6:08 0:00
Jack Johnson 1 1 2 1 0 5 2 1 1 0 0/0 26:33 4:12 5:13
Jay Bouwmeester 0 1 1 0 0 0 3 1 0 0 0/0 16:18 5:52 0:01
Johnny Boychuk 0 0 0 -1 0 0 2 0 1 0 0/0 15:28 0:00 4:52
Marc Staal 0 3 3 2 0 1 0 4 1 1 0/0 23:24 0:59 7:56
Mike Comrie 0 0 0 -1 2 1 0 0 0 2 4/17 13:51 0:25 6:11
Mikkel Boedker 1 0 1 0 2 3 3 0 1 0 3/3 14:14 5:27 0:00
Paul Stastny 1 0 1 -1 4 2 0 1 0 0 8/15 14:01 4:11 0:00
Pernell Karl Subban 0 1 1 1 0 1 1 3 1 0 0/0 21:55 2:56 7:36
Ryan Smyth 0 0 0 0 0 1 1 0 0 2 1/1 8:34 0:00 2:20
Players Stats for Flames
Player Name G A P +/- PIM S H SB GA TA FO MP PP MP PK MP
------------------------------------------------------------------------------------
Alexander Semin 1 2 3 -3 2 5 3 0 1 0 2/2 25:55 7:43 4:47
Brad Marchand 0 0 0 0 2 2 1 1 0 1 1/4 12:21 0:04 0:53
Brendan Mikkelson 0 0 0 2 0 0 0 0 0 1 0/0 16:06 4:26 3:52
Colin Wilson 0 1 1 2 2 0 0 0 1 0 6/7 8:16 0:01 0:00
David Backes 0 1 1 -2 0 3 1 0 1 0 1/1 16:33 7:07 0:00
Derek Meech 0 1 1 -1 0 1 1 2 0 0 0/0 25:04 8:05 5:58
Eric Staal 0 1 1 -2 2 5 1 1 2 1 25/48 24:10 7:10 4:24
Erik Johnson 1 0 1 -3 2 2 0 0 0 0 0/0 27:38 8:23 1:05
Jonathan Ferland 0 0 0 0 0 0 0 0 0 0 0/0 5:02 0:04 0:00
Jordin Tootoo 1 1 2 0 0 3 3 0 0 1 0/1 19:05 5:02 4:50
Lubomir Visnovsky 0 0 0 -2 2 2 0 0 0 1 0/0 19:02 0:18 0:21
Marcus Nilson 1 0 1 0 0 1 1 0 0 0 0/0 5:59 0:36 0:10
Michel Ouellet 1 1 2 2 0 3 0 1 0 0 0/0 8:16 0:00 0:00
Mikhail Grabovski 0 0 0 0 0 1 3 0 1 0 6/11 11:11 0:00 5:04
Patrik Berglund 1 2 3 0 0 4 2 1 0 1 2/5 14:51 5:34 0:00
Ron Hainsey 0 2 2 2 0 0 0 0 0 1 0/0 16:10 4:26 4:00
Steve Eminger 0 0 0 0 2 0 0 3 0 1 0/0 16:09 0:00 4:52
Steve Regier 1 1 2 1 2 4 1 0 2 0 1/2 13:20 5:05 0:00
3 Stars
1 - Patrik Berglund (Cal)
2 - Michel Ouellet (Cal)
3 - Jordin Tootoo (Cal)
Power Play
Avalanche - 1 on 8 Attempt(s) - 12.50%
Flames - 4 on 12 Attempt(s) - 33.33%
Penalty Kill
Avalanche - 8 on 12 Attempt(s) - 66.67%
- Score 1 goal in Penalty Kill
Flames - 7 on 8 Attempt(s) - 87.50%
- Score 0 goal in Penalty Kill
Team Stat
Avalanche - Hits : 22 - Faceoff Wins : 37 - Blocked Shots : 13 - Penalty Minutes : 24
Flames - Hits : 17 - Faceoff Wins : 44 - Blocked Shots : 9 - Penalty Minutes : 16
Official
Referees : O'Rourke Dan and StPierre Justin
Linesman : Pierre Champoux and Lonnie Cameron
Game Notes
No Game Note
Finance
Level 1 -- Attendance: 5425 (90.42%) -- Ticket Income $493,675
Level 2 -- Attendance: 5000 (100.00%) -- Ticket Income $285,000
Level 3 -- Attendance: 1851 (92.55%) -- Ticket Income $70,338
Level 4 -- Attendance: 3474 (86.85%) -- Ticket Income $97,272
Luxury Box -- Attendance: 1000 (100.00%) -- Ticket Income $164,000
Game was played at the Metal Center.
Total Attendance: 16750 (93.06%)
Total Ticket Income: $1,110,285
Other Income: $166,543
Total Income: $1,276,828
Avalanche
5 vs 5 Forward
Center Left Wing Right Wing Time % Phy DF OF
1 Bryan Little Mikkel Boedker Corey Perry 30 0 2 2
2 Paul Stastny Andrei Kostitsyn Brandon Yip 30 1 2 2
3 Chris Drury Andrew Ladd Alexander Radulov 25 1 2 2
4 Mike Comrie Ryan Smyth Chuck Kobasew 15 1 2 2
5 vs 5 Defense
Defense Defense Time % Phy DF OF
1 Jack Johnson Marc Staal 35 1 2 2
2 Pernell Karl Subban Jay Bouwmeester 35 1 2 2
3 Dan Boyle Johnny Boychuk 30 1 2 2
4 Jack Johnson Marc Staal 0 1 2 2
PowerPlay Forward
Center Left Wing Right Wing Time % Phy DF OF
1 Bryan Little Mikkel Boedker Corey Perry 60 1 2 2
2 Paul Stastny Andrei Kostitsyn Alexander Radulov 40 1 2 2
PowerPlay Defense
Defense Defense Time % Phy DF OF
1 Dan Boyle Jay Bouwmeester 60 1 2 2
2 Pernell Karl Subban Jack Johnson 40 1 2 2
Penalty Kill 4 Players Forward
Center Wing Time % Phy DF OF
1 Mike Comrie Chuck Kobasew 60 1 2 2
2 Chris Drury Ryan Smyth 40 1 2 2
Penalty Kill 4 Players Defense
Defense Defense Time % Phy DF OF
1 Pernell Karl Subban Marc Staal 60 1 2 2
2 Jack Johnson Johnny Boychuk 40 1 2 2
Penalty Kill - 3 Players Forward
Forward Time % Phy DF OF
1 Chuck Kobasew 60 1 2 2
2 Ryan Smyth 40 1 2 2
Penalty Kill - 3 Players Defense
Defense Defense Time % Phy DF OF
1 Jack Johnson Marc Staal 60 1 2 2
2 Pernell Karl Subban Johnny Boychuk 40 1 2 2
4 vs 4 Forward
Center Wing Time % Phy DF OF
1 Bryan Little Corey Perry 60 1 2 2
2 Mikkel Boedker Andrei Kostitsyn 40 1 2 2
4 vs 4 Defense
Defense Defense Time % Phy DF OF
1 Jack Johnson Marc Staal 60 1 2 2
2 Pernell Karl Subban Jay Bouwmeester 40 1 2 2
Last Minutes Offensive
Center Left Wing Right Wing Defense Defense
Bryan Little Mikkel Boedker Corey Perry Jack Johnson Dan Boyle
Last Minutes Defensive
Center Left Wing Right Wing Defense Defense
Chris Drury Andrew Ladd Chuck Kobasew Jack Johnson Marc Staal
Goaltenders
Starting : Semyon Varlamov
Backup : Hannu Toivonen
Extra Forwards
Normal : Andrei Kostitsyn, Alexander Radulov, Chris Drury - PP : Mike Comrie, Chris Drury - PK : Andrew Ladd
Extra Defensemen
Normal : Dan Boyle, Johnny Boychuk, Pernell Karl Subban - PP : Dan Boyle - PK : Johnny Boychuk, Pernell Karl Subban
Penalty Shots
Bryan Little, Corey Perry, Mikkel Boedker, Andrei Kostitsyn, Paul Stastny
Scratches
Kyle Turris (Healthy)
Flames
5 vs 5 Forward
Center Left Wing Right Wing Time % Phy DF OF
1 Eric Staal Alexander Semin David Backes 40 0 2 3
2 Patrik Berglund Brad Marchand Jordin Tootoo 33 0 2 3
3 Colin Wilson Steve Regier Michel Ouellet 19 0 3 2
4 Mikhail Grabovski Marcus Nilson Jonathan Ferland 8 0 3 2
5 vs 5 Defense
Defense Defense Time % Phy DF OF
1 Lubomir Visnovsky Erik Johnson 38 1 2 2
2 Derek Meech Steve Eminger 29 1 2 2
3 Ron Hainsey Brendan Mikkelson 23 1 2 2
4 Derek Meech Steve Eminger 10 1 2 2
PowerPlay Forward
Center Left Wing Right Wing Time % Phy DF OF
1 Eric Staal Alexander Semin David Backes 60 1 1 3
2 Patrik Berglund Steve Regier Jordin Tootoo 40 1 1 3
PowerPlay Defense
Defense Defense Time % Phy DF OF
1 Derek Meech Erik Johnson 60 1 1 3
2 Ron Hainsey Brendan Mikkelson 40 1 1 3
Penalty Kill 4 Players Forward
Center Wing Time % Phy DF OF
1 Mikhail Grabovski Alexander Semin 50 1 3 1
2 Eric Staal Jordin Tootoo 50 1 3 1
Penalty Kill 4 Players Defense
Defense Defense Time % Phy DF OF
1 Derek Meech Steve Eminger 58 1 3 1
2 Ron Hainsey Brendan Mikkelson 42 1 3 1
Penalty Kill - 3 Players Forward
Forward Time % Phy DF OF
1 Eric Staal 50 1 3 1
2 Alexander Semin 50 1 3 1
Penalty Kill - 3 Players Defense
Defense Defense Time % Phy DF OF
1 Ron Hainsey Steve Eminger 58 1 3 1
2 Lubomir Visnovsky Brendan Mikkelson 42 1 3 1
4 vs 4 Forward
Center Wing Time % Phy DF OF
1 Eric Staal Alexander Semin 60 1 2 2
2 Patrik Berglund Jordin Tootoo 40 1 2 2
4 vs 4 Defense
Defense Defense Time % Phy DF OF
1 Lubomir Visnovsky Erik Johnson 60 1 2 2
2 Derek Meech Steve Eminger 40 1 2 2
Last Minutes Offensive
Center Left Wing Right Wing Defense Defense
Eric Staal Alexander Semin David Backes Lubomir Visnovsky Erik Johnson
Last Minutes Defensive
Center Left Wing Right Wing Defense Defense
Eric Staal Alexander Semin David Backes Lubomir Visnovsky Erik Johnson
Goaltenders
Starting : Pekka Rinne
Backup : Josh Harding
Extra Forwards
Normal : Brad Marchand, Jordin Tootoo, Patrik Berglund - PP : Brad Marchand, Jordin Tootoo - PK : Brad Marchand
Extra Defensemen
Normal : Derek Meech, Steve Eminger, Lubomir Visnovsky - PP : Derek Meech - PK : Derek Meech, Ron Hainsey
Penalty Shots
Eric Staal, Alexander Semin, David Backes, Patrik Berglund, Colin Wilson
Scratches
Sami Vatanen (Bruised Right Foot Injury)
% Time on Ice - Avalanche
Lines # - Real PCT - Wanted PCT - Time Play
Normal Forward
1 - 30% - 30% - 9:38
2 - 31% - 30% - 10:00
3 - 22% - 25% - 7:13
4 - 17% - 15% - 5:36
Normal Defense
1 - 36% - 35% - 11:48
2 - 37% - 35% - 12:05
3 - 26% - 30% - 8:34
4 - 0% - 0% - 0:00
PP Forward
1 - 62% - 60% - 6:17
2 - 38% - 40% - 3:47
PP Defense
1 - 71% - 60% - 7:08
2 - 29% - 40% - 2:56
PK Forward
1 - 80% - 60% - 9:05
2 - 20% - 40% - 2:20
PK Defense
1 - 61% - 60% - 7:01
2 - 39% - 40% - 4:24
PK3 Forward
1 - 100% - 60% - 1:24
2 - 0% - 40% - 0:00
PK3 Defense
1 - 65% - 60% - 0:55
2 - 35% - 40% - 0:29
44 Forward
1 - 85% - 60% - 3:59
2 - 15% - 40% - 0:41
44 Defense
1 - 81% - 60% - 3:48
2 - 19% - 40% - 0:52
Last Minute Offensive - 0:00
Last Minute Defensive - 0:00
Total
Forward - 60:00
Defense - 60:00
|
% Time on Ice - Flames
Lines # - Real PCT - Wanted PCT - Time Play
Normal Forward
1 - 32% - 40% - 10:22
2 - 28% - 33% - 9:01
3 - 25% - 19% - 8:16
4 - 15% - 8% - 4:48
Normal Defense
1 - 46% - 38% - 14:49
2 - 30% - 29% - 9:53
3 - 20% - 23% - 6:21
4 - 4% - 10% - 1:24
PP Forward
1 - 61% - 60% - 7:47
2 - 39% - 40% - 5:02
PP Defense
1 - 65% - 60% - 8:23
2 - 35% - 40% - 4:26
PK Forward
1 - 47% - 50% - 4:44
2 - 53% - 50% - 5:20
PK Defense
1 - 65% - 58% - 6:32
2 - 35% - 42% - 3:32
PK3 Forward
1 - 0% - 50%
2 - 0% - 50%
PK3 Defense
1 - 0% - 58%
2 - 0% - 42%
44 Forward
1 - 96% - 60% - 4:30
2 - 4% - 40% - 0:10
44 Defense
1 - 89% - 60% - 4:09
2 - 11% - 40% - 0:31
Last Minute Offensive - 0:00
Last Minute Defensive - 0:00
Total
Forward - 60:00
Defense - 60:00
|
Play by Play
1st period
0:01 of 1st period - Bryan Little wins face-off versus Eric Staal in neutral zone.
0:06 of 1st period - Wrist shot by Corey Perry.
0:06 of 1st period - Shot Hit the Post.
0:08 of 1st period - Slapshot by Jack Johnson.
0:08 of 1st period - Deflect By David Backes.
0:08 of 1st period - Stopped by Pekka Rinne with a rebound.
0:10 of 1st period - Slapshot by Marc Staal.
0:10 of 1st period - Shot Misses the Net.
0:28 of 1st period - Snap shot by Patrik Berglund.
0:28 of 1st period - Stopped by Semyon Varlamov with a rebound.
1:36 of 1st period - Derek Meech is hit by Corey Perry and loses puck.
1:44 of 1st period - Minor Penalty to Steve Eminger for Slashing.
1:45 of 1st period - Bryan Little wins face-off versus Mikhail Grabovski in Flames zone.
1:45 of 1st period - Wrist shot by Corey Perry.
1:45 of 1st period - Stopped by Pekka Rinne with a rebound.
1:47 of 1st period - Snap shot by Mikkel Boedker.
1:47 of 1st period - Shot Blocked by Derek Meech.
2:11 of 1st period - Andrei Kostitsyn is hit by Jordin Tootoo and loses puck.
2:39 of 1st period - Brendan Mikkelson is hit by Mikkel Boedker and loses puck.
3:44 of 1st period - Penalty to Steve Eminger is over, Steve Eminger is back on ice.
3:53 of 1st period - Brandon Yip is hit by Alexander Semin.
4:01 of 1st period - Snap shot by Mikhail Grabovski.
4:01 of 1st period - Stopped by Semyon Varlamov with a rebound.
4:15 of 1st period - Wrist shot by Alexander Semin.
4:15 of 1st period - Shot Misses the Net.
4:34 of 1st period - Jack Johnson is hit by Alexander Semin.
4:50 of 1st period - Wrist shot by Brandon Yip.
4:50 of 1st period - Stopped by Pekka Rinne without a rebound.
4:51 of 1st period - Steve Regier wins face-off versus Corey Perry in Flames zone.
5:04 of 1st period - Snap shot by Michel Ouellet.
5:04 of 1st period - Stopped by Semyon Varlamov without a rebound.
5:05 of 1st period - Colin Wilson wins face-off versus Bryan Little in Avalanche zone.
5:30 of 1st period - Steve Eminger is hit by Andrei Kostitsyn.
6:02 of 1st period - Slapshot by Patrik Berglund.
6:02 of 1st period - Stopped by Semyon Varlamov with a rebound.
6:20 of 1st period - Steve Regier is hit by Mikkel Boedker.
8:44 of 1st period - Snap shot by Chuck Kobasew.
8:44 of 1st period - Shot Blocked by Patrik Berglund.
9:04 of 1st period - Wrist shot by Marcus Nilson.
9:04 of 1st period - Shot Misses the Net.
9:06 of 1st period - Slapshot by Mikhail Grabovski.
9:06 of 1st period - Shot Blocked by Marc Staal.
10:00 of 1st period - Icing by Pernell Karl Subban.
10:01 of 1st period - Paul Stastny wins face-off versus Patrik Berglund in Avalanche zone.
10:33 of 1st period - Wrist shot by Alexander Semin.
10:33 of 1st period - Shot Blocked by Marc Staal.
10:35 of 1st period - Minor Penalty to Chris Drury for Interference.
10:36 of 1st period - Eric Staal wins face-off versus Mike Comrie in Avalanche zone.
10:47 of 1st period - Wrist shot by Eric Staal.
10:47 of 1st period - Stopped by Semyon Varlamov without a rebound.
10:48 of 1st period - Eric Staal wins face-off versus Mike Comrie in Avalanche zone.
11:10 of 1st period - Minor Penalty to Chuck Kobasew for Holding.
11:11 of 1st period - Eric Staal wins face-off versus Andrew Ladd in Avalanche zone.
11:38 of 1st period - Marc Staal is hit by Jordin Tootoo and loses puck.
11:47 of 1st period - Snap shot by Steve Regier.
11:47 of 1st period - Shot Misses the Net.
12:11 of 1st period - Slapshot by Pernell Karl Subban.
12:11 of 1st period - Deflect By Bryan Little.
12:11 of 1st period - Shot Misses the Net.
12:11 of 1st period - Puck is out of play.
12:12 of 1st period - Bryan Little wins face-off versus Eric Staal in Flames zone.
12:35 of 1st period - Penalty to Chris Drury is over, Chris Drury is back on ice.
13:10 of 1st period - Penalty to Chuck Kobasew is over, Chuck Kobasew is back on ice.
13:17 of 1st period - Pernell Karl Subban is hit by Marcus Nilson and loses puck.
13:23 of 1st period - Minor Penalty to Andrei Kostitsyn for Holding Stick.
13:24 of 1st period - Eric Staal wins face-off versus Mike Comrie in Avalanche zone.
14:02 of 1st period - Snap shot by Chris Drury.
14:02 of 1st period - Goal by Chris Drury - Avalanche : 1 - Flames : 0.
14:03 of 1st period - Alexander Semin wins face-off versus Mike Comrie in neutral zone.
14:08 of 1st period - Snap shot by Eric Staal.
14:08 of 1st period - Shot Misses the Net.
14:28 of 1st period - Patrik Berglund is hit by Pernell Karl Subban and loses puck.
15:13 of 1st period - Derek Meech is hit by Jack Johnson and loses puck.
15:23 of 1st period - Penalty to Andrei Kostitsyn is over, Andrei Kostitsyn is back on ice.
16:04 of 1st period - Slapshot by Alexander Radulov.
16:04 of 1st period - Stopped by Pekka Rinne without a rebound.
16:05 of 1st period - Eric Staal wins face-off versus Chris Drury in Flames zone.
16:10 of 1st period - Pernell Karl Subban is hit by Eric Staal and loses puck.
16:21 of 1st period - Wrist shot by Andrew Ladd.
16:21 of 1st period - Deflect By Alexander Radulov.
16:21 of 1st period - Goal by Alexander Radulov - Avalanche : 2 - Flames : 0.
16:22 of 1st period - Patrik Berglund wins face-off versus Paul Stastny in neutral zone.
16:51 of 1st period - Slapshot by Michel Ouellet.
16:51 of 1st period - Shot Misses the Net.
17:13 of 1st period - Wrist shot by Alexander Radulov.
17:13 of 1st period - Shot Blocked by Eric Staal.
17:15 of 1st period - Wrist shot by Chris Drury.
17:15 of 1st period - Shot Misses the Net.
17:17 of 1st period - Snap shot by Andrew Ladd.
17:17 of 1st period - Shot Blocked by Steve Eminger.
17:19 of 1st period - Wrist shot by Andrew Ladd.
17:19 of 1st period - Stopped by Pekka Rinne with a rebound.
17:21 of 1st period - Slapshot by Pernell Karl Subban.
17:21 of 1st period - Stopped by Pekka Rinne with a rebound.
17:33 of 1st period - Johnny Boychuk is hit by Derek Meech and loses puck.
17:52 of 1st period - Steve Eminger is hit by Dan Boyle and loses puck.
18:11 of 1st period - Steve Eminger is hit by Andrew Ladd and loses puck.
18:24 of 1st period - Minor Penalty to Steve Regier for Tripping.
18:25 of 1st period - Bryan Little wins face-off versus Mikhail Grabovski in Flames zone.
18:34 of 1st period - Wrist shot by Corey Perry.
18:34 of 1st period - Deflect By Bryan Little.
18:34 of 1st period - Shot Misses the Net.
18:34 of 1st period - Puck is out of play.
18:35 of 1st period - Mikhail Grabovski wins face-off versus Bryan Little in Flames zone.
18:35 of 1st period - Mikhail Grabovski is hit by Jay Bouwmeester.
19:07 of 1st period - Minor Penalty to Dan Boyle for Hooking.
19:08 of 1st period - Eric Staal wins face-off versus Bryan Little in Avalanche zone.
19:09 of 1st period - Slapshot by Alexander Semin.
19:09 of 1st period - Shot Blocked by Marc Staal.
19:11 of 1st period - Slapshot by Erik Johnson.
19:11 of 1st period - Deflect By Eric Staal.
19:11 of 1st period - Shot Blocked by Bryan Little.
19:11 of 1st period - Puck is out of play.
19:12 of 1st period - Eric Staal wins face-off versus Bryan Little in Avalanche zone.
19:25 of 1st period - Snap shot by Alexander Semin.
19:25 of 1st period - Shot Blocked by Marc Staal.
19:27 of 1st period - Wrist shot by Lubomir Visnovsky.
19:27 of 1st period - Stopped by Semyon Varlamov with a rebound.
19:29 of 1st period - Snap shot by Alexander Semin.
19:29 of 1st period - Shot Misses the Net.
Goals for this period are 2 for Avalanche vs 0 for Flames.
Shots for this period are 8 for Avalanche vs 6 for Flames.
2nd period
0:01 of 2nd period - Eric Staal wins face-off versus Bryan Little in neutral zone.
0:16 of 2nd period - Snap shot by Eric Staal.
0:16 of 2nd period - Shot Blocked by Corey Perry.
0:24 of 2nd period - Penalty to Steve Regier is over, Steve Regier is back on ice.
0:36 of 2nd period - Wrist shot by Jordin Tootoo.
0:36 of 2nd period - Goal by Jordin Tootoo - Avalanche : 2 - Flames : 1.
0:37 of 2nd period - Paul Stastny wins face-off versus Eric Staal in neutral zone.
1:26 of 2nd period - Lubomir Visnovsky is hit by Johnny Boychuk and loses puck.
2:19 of 2nd period - Off-side.
2:20 of 2nd period - Alexander Radulov wins face-off versus Patrik Berglund in neutral zone.
2:35 of 2nd period - Slapshot by Alexander Radulov.
2:35 of 2nd period - Shot Blocked by Brad Marchand.
3:25 of 2nd period - Slapshot by Brad Marchand.
3:25 of 2nd period - Shot Blocked by Paul Stastny.
3:27 of 2nd period - Wrist shot by Brad Marchand.
3:27 of 2nd period - Shot Misses the Net.
3:29 of 2nd period - Slapshot by Ron Hainsey.
3:29 of 2nd period - Shot Misses the Net.
3:31 of 2nd period - Snap shot by Jordin Tootoo.
3:31 of 2nd period - Stopped by Semyon Varlamov with a rebound.
3:33 of 2nd period - Snap shot by Patrik Berglund.
3:33 of 2nd period - Goal by Patrik Berglund - Avalanche : 2 - Flames : 2.
3:34 of 2nd period - Paul Stastny wins face-off versus Eric Staal in neutral zone.
3:51 of 2nd period - Wrist shot by Paul Stastny.
3:51 of 2nd period - Stopped by Pekka Rinne with a rebound.
4:06 of 2nd period - Snap shot by Jack Johnson.
4:06 of 2nd period - Deflect By Corey Perry.
4:06 of 2nd period - Shot Blocked by Michel Ouellet.
4:06 of 2nd period - Puck is out of play.
4:07 of 2nd period - Colin Wilson wins face-off versus Chris Drury in Flames zone.
4:07 of 2nd period - Colin Wilson is hit by Johnny Boychuk.
4:13 of 2nd period - Snap shot by Steve Regier.
4:13 of 2nd period - Stopped by Semyon Varlamov with a rebound.
4:56 of 2nd period - Patrik Berglund is hit by Mikkel Boedker and loses puck.
5:04 of 2nd period - Off-side.
5:05 of 2nd period - Chris Drury wins face-off versus Eric Staal in neutral zone.
5:20 of 2nd period - Slapshot by Eric Staal.
5:20 of 2nd period - Deflect By David Backes.
5:20 of 2nd period - Shot Blocked by Alexander Radulov.
5:20 of 2nd period - Puck is out of play.
5:21 of 2nd period - Paul Stastny wins face-off versus Jordin Tootoo in Avalanche zone.
5:28 of 2nd period - Wrist shot by Andrei Kostitsyn.
5:28 of 2nd period - Shot Misses the Net.
5:30 of 2nd period - Slapshot by Jack Johnson.
5:30 of 2nd period - Deflect By Jordin Tootoo.
5:30 of 2nd period - Stopped by Pekka Rinne with a rebound.
5:32 of 2nd period - Slapshot by Jack Johnson.
5:32 of 2nd period - Shot Misses the Net.
5:34 of 2nd period - Snap shot by Brandon Yip.
5:34 of 2nd period - Shot Misses the Net.
5:36 of 2nd period - Slapshot by Brandon Yip.
5:36 of 2nd period - Shot Misses the Net.
5:38 of 2nd period - Wrist shot by Andrei Kostitsyn.
5:38 of 2nd period - Stopped by Pekka Rinne with a rebound.
5:48 of 2nd period - Wrist shot by Mikkel Boedker.
5:48 of 2nd period - Goal by Mikkel Boedker - Avalanche : 3 - Flames : 2.
5:49 of 2nd period - Bryan Little wins face-off versus Eric Staal in neutral zone.
5:52 of 2nd period - Slapshot by Marc Staal.
5:52 of 2nd period - Shot Misses the Net.
5:56 of 2nd period - Slapshot by Corey Perry.
5:56 of 2nd period - Stopped by Pekka Rinne with a rebound.
5:58 of 2nd period - Slapshot by Jack Johnson.
5:58 of 2nd period - Stopped by Pekka Rinne without a rebound.
5:59 of 2nd period - Bryan Little wins face-off versus Eric Staal in Flames zone.
6:06 of 2nd period - Snap shot by Mikkel Boedker.
6:06 of 2nd period - Stopped by Pekka Rinne with a rebound.
6:08 of 2nd period - Wrist shot by Jack Johnson.
6:08 of 2nd period - Stopped by Pekka Rinne without a rebound.
6:09 of 2nd period - Eric Staal wins face-off versus Paul Stastny in Flames zone.
6:14 of 2nd period - Wrist shot by David Backes.
6:14 of 2nd period - Stopped by Semyon Varlamov without a rebound.
6:15 of 2nd period - Eric Staal wins face-off versus Paul Stastny in Avalanche zone.
6:25 of 2nd period - Minor Penalty to Erik Johnson for Hooking.
6:26 of 2nd period - Mikhail Grabovski wins face-off versus Bryan Little in Flames zone.
8:25 of 2nd period - Penalty to Erik Johnson is over, Erik Johnson is back on ice.
8:40 of 2nd period - Snap shot by Steve Regier.
8:40 of 2nd period - Stopped by Semyon Varlamov without a rebound.
8:41 of 2nd period - Colin Wilson wins face-off versus Mike Comrie in Avalanche zone.
8:42 of 2nd period - Snap shot by Steve Regier.
8:42 of 2nd period - Stopped by Semyon Varlamov without a rebound.
8:43 of 2nd period - Ryan Smyth wins face-off versus Colin Wilson in Avalanche zone.
8:45 of 2nd period - Minor Penalty to Mike Comrie for Holding.
8:46 of 2nd period - Andrew Ladd wins face-off versus Eric Staal in Avalanche zone.
10:06 of 2nd period - Andrei Kostitsyn is hit by Patrik Berglund and loses puck.
10:45 of 2nd period - Penalty to Mike Comrie is over, Mike Comrie is back on ice.
11:04 of 2nd period - Mikkel Boedker is hit by Mikhail Grabovski and loses puck.
11:19 of 2nd period - Snap shot by Steve Regier.
11:19 of 2nd period - Goal by Steve Regier - Avalanche : 3 - Flames : 3.
11:20 of 2nd period - Paul Stastny wins face-off versus Eric Staal in neutral zone.
11:47 of 2nd period - Jay Bouwmeester is hit by Jordin Tootoo.
12:22 of 2nd period - Wrist shot by Mikhail Grabovski.
12:22 of 2nd period - Shot Misses the Net.
13:03 of 2nd period - Icing by David Backes.
13:04 of 2nd period - Eric Staal wins face-off versus Chris Drury in Flames zone.
13:04 of 2nd period - Eric Staal is hit by Jack Johnson.
13:24 of 2nd period - Backhand shot by Alexander Semin.
13:24 of 2nd period - Shot Misses the Net.
13:32 of 2nd period - Wrist shot by Eric Staal.
13:32 of 2nd period - Stopped by Semyon Varlamov without a rebound.
13:33 of 2nd period - Patrik Berglund wins face-off versus Paul Stastny in Avalanche zone.
13:33 of 2nd period - Patrik Berglund is hit by Jay Bouwmeester.
13:38 of 2nd period - Minor Penalty to Paul Stastny for Interference.
13:39 of 2nd period - David Backes wins face-off versus Mike Comrie in Avalanche zone.
13:49 of 2nd period - Slapshot by Derek Meech.
13:49 of 2nd period - Stopped by Semyon Varlamov with a rebound.
15:38 of 2nd period - Penalty to Paul Stastny is over, Paul Stastny is back on ice.
15:57 of 2nd period - Ron Hainsey is hit by Chris Drury and loses puck.
16:18 of 2nd period - Snap shot by Bryan Little.
16:18 of 2nd period - Stopped by Pekka Rinne without a rebound.
16:19 of 2nd period - Mikkel Boedker wins face-off versus Mikhail Grabovski in Flames zone.
16:53 of 2nd period - Snap shot by Andrei Kostitsyn.
16:53 of 2nd period - Shot Misses the Net.
16:55 of 2nd period - Snap shot by Jack Johnson.
16:55 of 2nd period - Deflect By Brandon Yip.
16:55 of 2nd period - Stopped by Pekka Rinne with a rebound.
16:57 of 2nd period - Wrist shot by Paul Stastny.
16:57 of 2nd period - Shot Misses the Net.
16:59 of 2nd period - Slapshot by Andrei Kostitsyn.
16:59 of 2nd period - Stopped by Pekka Rinne without a rebound.
17:00 of 2nd period - Chris Drury wins face-off versus Eric Staal in Flames zone.
17:03 of 2nd period - Snap shot by Alexander Radulov.
17:03 of 2nd period - Shot Misses the Net.
17:05 of 2nd period - Minor Penalty to Alexander Semin for Boarding.
17:06 of 2nd period - Mikkel Boedker wins face-off versus Eric Staal in Flames zone.
17:13 of 2nd period - Slapshot by Bryan Little.
17:13 of 2nd period - Stopped by Pekka Rinne with a rebound.
17:15 of 2nd period - Snap shot by Mikkel Boedker.
17:15 of 2nd period - Stopped by Pekka Rinne with a rebound.
17:38 of 2nd period - Minor Penalty to Andrei Kostitsyn for High sticking.
17:39 of 2nd period - Eric Staal wins face-off versus Bryan Little in Avalanche zone.
18:20 of 2nd period - Backhand shot by Jack Johnson.
18:20 of 2nd period - Shot Blocked by Steve Eminger.
19:04 of 2nd period - Andrew Ladd is hit by Patrik Berglund and loses puck.
19:05 of 2nd period - Penalty to Alexander Semin is over, Alexander Semin is back on ice.
19:34 of 2nd period - Snap shot by Alexander Semin.
19:34 of 2nd period - Shot Misses the Net.
19:36 of 2nd period - Wrist shot by Marcus Nilson.
19:36 of 2nd period - Goal by Marcus Nilson - Avalanche : 3 - Flames : 4.
19:37 of 2nd period - Eric Staal wins face-off versus Chris Drury in neutral zone.
Goals for this period are 1 for Avalanche vs 4 for Flames.
Shots for this period are 13 for Avalanche vs 11 for Flames.
3rd period
0:01 of 3rd period - Paul Stastny wins face-off versus Eric Staal in neutral zone.
0:26 of 3rd period - Paul Stastny is hit by Steve Regier and loses puck.
0:52 of 3rd period - Wrist shot by Brad Marchand.
0:52 of 3rd period - Stopped by Semyon Varlamov without a rebound.
0:53 of 3rd period - Bryan Little wins face-off versus Brad Marchand in Avalanche zone.
1:00 of 3rd period - Wrist shot by Bryan Little.
1:00 of 3rd period - Stopped by Pekka Rinne with a rebound.
1:02 of 3rd period - Minor Penalty to Brad Marchand for Slashing.
1:03 of 3rd period - Mikkel Boedker wins face-off versus Mikhail Grabovski in Flames zone.
1:10 of 3rd period - Snap shot by Corey Perry.
1:10 of 3rd period - Stopped by Pekka Rinne without a rebound.
1:11 of 3rd period - Bryan Little wins face-off versus Mikhail Grabovski in Flames zone.
1:32 of 3rd period - Snap shot by Corey Perry.
1:32 of 3rd period - Shot Misses the Net.
1:39 of 3rd period - Off-side.
1:40 of 3rd period - Mikhail Grabovski wins face-off versus Paul Stastny in neutral zone.
1:45 of 3rd period - Wrist shot by Alexander Semin.
1:45 of 3rd period - Stopped by Semyon Varlamov with a rebound.
1:53 of 3rd period - Slapshot by Paul Stastny.
1:53 of 3rd period - Goal by Paul Stastny - Avalanche : 4 - Flames : 4.
1:54 of 3rd period - Eric Staal wins face-off versus Bryan Little in neutral zone.
2:04 of 3rd period - Icing by Eric Staal.
2:05 of 3rd period - Chris Drury wins face-off versus Eric Staal in Flames zone.
2:07 of 3rd period - Minor Penalty to Andrew Ladd for Hooking.
2:08 of 3rd period - Eric Staal wins face-off versus Mike Comrie in Avalanche zone.
2:10 of 3rd period - Snap shot by David Backes.
2:10 of 3rd period - Stopped by Semyon Varlamov with a rebound.
2:12 of 3rd period - Wrist shot by Erik Johnson.
2:12 of 3rd period - Goal by Erik Johnson - Avalanche : 4 - Flames : 5.
2:13 of 3rd period - Eric Staal wins face-off versus Andrew Ladd in neutral zone.
2:20 of 3rd period - Snap shot by Erik Johnson.
2:20 of 3rd period - Deflect By Alexander Radulov.
2:20 of 3rd period - Stopped by Semyon Varlamov with a rebound.
2:38 of 3rd period - Marc Staal is hit by Brad Marchand and loses puck.
2:58 of 3rd period - Off-side.
2:59 of 3rd period - Colin Wilson wins face-off versus Paul Stastny in neutral zone.
3:16 of 3rd period - Snap shot by Andrei Kostitsyn.
3:16 of 3rd period - Stopped by Pekka Rinne without a rebound.
3:17 of 3rd period - Chris Drury wins face-off versus Eric Staal in Flames zone.
3:24 of 3rd period - Wrist shot by Andrew Ladd.
3:24 of 3rd period - Stopped by Pekka Rinne with a rebound.
3:26 of 3rd period - Minor Penalty to Lubomir Visnovsky for Cross-checking.
3:27 of 3rd period - Eric Staal wins face-off versus Bryan Little in Flames zone.
3:27 of 3rd period - Eric Staal is hit by Corey Perry.
4:01 of 3rd period - Snap shot by Dan Boyle.
4:01 of 3rd period - Shot Misses the Net.
4:13 of 3rd period - Jordin Tootoo is hit by Bryan Little and loses puck.
5:26 of 3rd period - Penalty to Lubomir Visnovsky is over, Lubomir Visnovsky is back on ice.
5:30 of 3rd period - Lubomir Visnovsky is hit by Chris Drury and loses puck.
5:39 of 3rd period - Slapshot by Alexander Semin.
5:39 of 3rd period - Deflect By Patrik Berglund.
5:39 of 3rd period - Shot Misses the Net.
5:39 of 3rd period - Puck is out of play.
5:40 of 3rd period - Mike Comrie wins face-off versus Steve Regier in Avalanche zone.
5:49 of 3rd period - Slapshot by Chuck Kobasew.
5:49 of 3rd period - Deflect By Mike Comrie.
5:49 of 3rd period - Shot Misses the Net.
5:49 of 3rd period - Puck is out of play.
5:50 of 3rd period - Colin Wilson wins face-off versus Mike Comrie in Flames zone.
6:37 of 3rd period - Wrist shot by Ryan Smyth.
6:37 of 3rd period - Shot Misses the Net.
6:39 of 3rd period - Snap shot by Mike Comrie.
6:39 of 3rd period - Stopped by Pekka Rinne without a rebound.
6:40 of 3rd period - Paul Stastny wins face-off versus Eric Staal in Flames zone.
6:43 of 3rd period - Slapshot by Brandon Yip.
6:43 of 3rd period - Shot Blocked by Derek Meech.
6:45 of 3rd period - Wrist shot by Andrei Kostitsyn.
6:45 of 3rd period - Stopped by Pekka Rinne without a rebound.
6:46 of 3rd period - Paul Stastny wins face-off versus Eric Staal in Flames zone.
7:21 of 3rd period - Off-side.
7:22 of 3rd period - Chris Drury wins face-off versus Patrik Berglund in neutral zone.
8:14 of 3rd period - Lubomir Visnovsky is hit by Brandon Yip and loses puck.
8:25 of 3rd period - Minor Penalty to Colin Wilson for Holding.
8:26 of 3rd period - Eric Staal wins face-off versus Bryan Little in Flames zone.
9:01 of 3rd period - Snap shot by Andrei Kostitsyn.
9:01 of 3rd period - Stopped by Pekka Rinne without a rebound.
9:02 of 3rd period - Mikhail Grabovski wins face-off versus Bryan Little in Flames zone.
9:21 of 3rd period - Snap shot by Jordin Tootoo.
9:21 of 3rd period - Stopped by Semyon Varlamov without a rebound.
9:22 of 3rd period - Mikhail Grabovski wins face-off versus Paul Stastny in Avalanche zone.
9:26 of 3rd period - Minor Penalty to Paul Stastny for Hooking.
9:27 of 3rd period - Bryan Little wins face-off versus Eric Staal in Avalanche zone.
9:43 of 3rd period - Slapshot by Alexander Semin.
9:43 of 3rd period - Stopped by Semyon Varlamov without a rebound.
9:44 of 3rd period - Eric Staal wins face-off versus Bryan Little in Avalanche zone.
9:45 of 3rd period - Snap shot by Alexander Semin.
9:45 of 3rd period - Shot Hit the Post.
9:55 of 3rd period - Snap shot by Corey Perry.
9:55 of 3rd period - Stopped by Pekka Rinne without a rebound.
9:56 of 3rd period - Bryan Little wins face-off versus Eric Staal in Flames zone.
9:59 of 3rd period - Wrist shot by Bryan Little.
9:59 of 3rd period - Shot Misses the Net.
10:01 of 3rd period - Snap shot by Bryan Little.
10:01 of 3rd period - Stopped by Pekka Rinne without a rebound.
10:02 of 3rd period - Bryan Little wins face-off versus Eric Staal in Flames zone.
10:19 of 3rd period - Snap shot by Bryan Little.
10:19 of 3rd period - Stopped by Pekka Rinne with a rebound.
10:25 of 3rd period - Penalty to Colin Wilson is over, Colin Wilson is back on ice.
10:25 of 3rd period - Minor Penalty to Eric Staal for Hooking.
10:26 of 3rd period - Brad Marchand wins face-off versus Bryan Little in Flames zone.
10:43 of 3rd period - Slapshot by Jack Johnson.
10:43 of 3rd period - Goal by Jack Johnson - Avalanche : 5 - Flames : 5.
10:44 of 3rd period - Bryan Little wins face-off versus Brad Marchand in neutral zone.
10:47 of 3rd period - Slapshot by Jack Johnson.
10:47 of 3rd period - Shot Misses the Net.
10:53 of 3rd period - Wrist shot by Bryan Little.
10:53 of 3rd period - Shot Misses the Net.
10:55 of 3rd period - Snap shot by Marc Staal.
10:55 of 3rd period - Stopped by Pekka Rinne without a rebound.
10:56 of 3rd period - Alexander Semin wins face-off versus Bryan Little in Flames zone.
11:01 of 3rd period - Slapshot by Lubomir Visnovsky.
11:01 of 3rd period - Stopped by Semyon Varlamov with a rebound.
11:11 of 3rd period - Wrist shot by Brad Marchand.
11:11 of 3rd period - Shot Blocked by Jack Johnson.
11:13 of 3rd period - Slapshot by Brad Marchand.
11:13 of 3rd period - Stopped by Semyon Varlamov with a rebound.
11:26 of 3rd period - Penalty to Paul Stastny is over, Paul Stastny is back on ice.
11:41 of 3rd period - Wrist shot by Bryan Little.
11:41 of 3rd period - Shot Misses the Net.
11:55 of 3rd period - Slapshot by Jack Johnson.
11:55 of 3rd period - Shot Blocked by Steve Eminger.
12:25 of 3rd period - Penalty to Eric Staal is over, Eric Staal is back on ice.
12:30 of 3rd period - Icing by Eric Staal.
12:31 of 3rd period - Chris Drury wins face-off versus Eric Staal in Flames zone.
12:40 of 3rd period - Snap shot by Ryan Smyth.
12:40 of 3rd period - Stopped by Pekka Rinne without a rebound.
12:41 of 3rd period - Mike Comrie wins face-off versus Brad Marchand in Flames zone.
12:52 of 3rd period - Wrist shot by Chuck Kobasew.
12:52 of 3rd period - Stopped by Pekka Rinne with a rebound.
12:57 of 3rd period - Erik Johnson is hit by Jay Bouwmeester and loses puck.
13:10 of 3rd period - Wrist shot by Michel Ouellet.
13:10 of 3rd period - Stopped by Semyon Varlamov with a rebound.
13:12 of 3rd period - Backhand shot by Ron Hainsey.
13:12 of 3rd period - Shot Blocked by Pernell Karl Subban.
13:14 of 3rd period - Wrist shot by Colin Wilson.
13:14 of 3rd period - Shot Blocked by Jay Bouwmeester.
13:16 of 3rd period - Wrist shot by Michel Ouellet.
13:16 of 3rd period - Goal by Michel Ouellet - Avalanche : 5 - Flames : 6.
13:17 of 3rd period - Eric Staal wins face-off versus Bryan Little in neutral zone.
13:23 of 3rd period - Minor Penalty to Mikkel Boedker for Delaying the game.
13:24 of 3rd period - Chuck Kobasew wins face-off versus Eric Staal in Avalanche zone.
13:38 of 3rd period - Snap shot by Alexander Semin.
13:38 of 3rd period - Stopped by Semyon Varlamov with a rebound.
14:20 of 3rd period - Jordin Tootoo is hit by Ryan Smyth and loses puck.
15:23 of 3rd period - Penalty to Mikkel Boedker is over, Mikkel Boedker is back on ice.
15:24 of 3rd period - Johnny Boychuk is hit by David Backes and loses puck.
15:45 of 3rd period - Paul Stastny is hit by Mikhail Grabovski and loses puck.
16:37 of 3rd period - Wrist shot by Alexander Semin.
16:37 of 3rd period - Shot Blocked by Pernell Karl Subban.
16:47 of 3rd period - Brad Marchand is hit by Alexander Radulov and loses puck.
17:27 of 3rd period - Corey Perry is hit by Mikhail Grabovski and loses puck.
17:34 of 3rd period - Backhand shot by Jonathan Ferland.
17:34 of 3rd period - Deflect By Mikhail Grabovski.
17:34 of 3rd period - Shot Misses the Net.
17:34 of 3rd period - Puck is out of play.
17:35 of 3rd period - Mikhail Grabovski wins face-off versus Chris Drury in Avalanche zone.
17:38 of 3rd period - Slapshot by Marcus Nilson.
17:38 of 3rd period - Shot Misses the Net.
17:45 of 3rd period - Minor Penalty to Chris Drury for Roughing.
17:46 of 3rd period - Eric Staal wins face-off versus Mike Comrie in Avalanche zone.
17:48 of 3rd period - Snap shot by Eric Staal.
17:48 of 3rd period - Stopped by Semyon Varlamov with a rebound.
17:50 of 3rd period - Snap shot by Eric Staal.
17:50 of 3rd period - Stopped by Semyon Varlamov without a rebound.
17:51 of 3rd period - Mike Comrie wins face-off versus Eric Staal in Avalanche zone.
18:06 of 3rd period - Backhand shot by Derek Meech.
18:06 of 3rd period - Shot Blocked by Pernell Karl Subban.
18:08 of 3rd period - Slapshot by Alexander Semin.
18:08 of 3rd period - Deflect By Pernell Karl Subban.
18:08 of 3rd period - Goal by Alexander Semin - Avalanche : 5 - Flames : 7.
18:09 of 3rd period - Colin Wilson wins face-off versus Chris Drury in neutral zone.
18:24 of 3rd period - Wrist shot by Steve Regier.
18:24 of 3rd period - Shot Misses the Net.
18:54 of 3rd period - Minor Penalty to Bryan Little for Tripping.
18:55 of 3rd period - Eric Staal wins face-off versus Mike Comrie in Avalanche zone.
19:02 of 3rd period - Snap shot by David Backes.
19:02 of 3rd period - Stopped by Semyon Varlamov without a rebound.
19:03 of 3rd period - Eric Staal wins face-off versus Mike Comrie in Avalanche zone.
19:10 of 3rd period - Snap shot by Eric Staal.
19:10 of 3rd period - Stopped by Semyon Varlamov without a rebound.
19:11 of 3rd period - Eric Staal wins face-off versus Mike Comrie in Avalanche zone.
19:26 of 3rd period - Wrist shot by David Backes.
19:26 of 3rd period - Deflect By Alexander Semin.
19:26 of 3rd period - Stopped by Semyon Varlamov without a rebound.
19:27 of 3rd period - Mike Comrie wins face-off versus Eric Staal in Avalanche zone.
19:27 of 3rd period - Mike Comrie is hit by Alexander Semin.
19:58 of 3rd period - Snap shot by Patrik Berglund.
19:58 of 3rd period - Stopped by Semyon Varlamov without a rebound.
19:59 of 3rd period - Eric Staal wins face-off versus Mike Comrie in Avalanche zone.
Goals for this period are 2 for Avalanche vs 3 for Flames.
Shots for this period are 15 for Avalanche vs 19 for Flames.
Back to the Top